 Dungeon Crawl Stone Soup version 0.19.0-20-gbc5f0c6 (webtiles) character file.

9102 dracos369 the Spear-Bearer (level 11, -2/92 HPs)
             Began as a Merfolk Chaos Knight on Nov 16, 2016.
             Slain by an ettin (shapeshifter) (7 damage)
             ... in a labyrinth on Nov 17, 2016.
             The game lasted 00:58:57 (10878 turns).

dracos369 the Spear-Bearer (Merfolk Chaos Knight)  Turns: 10878, Time: 00:58:58

Health: -2/92      AC: 14    Str: 17    XL:     11   Next: 41%
Magic:  0/24       EV: 17    Int: 10    God:    Xom [*.....]
Gold:   619        SH:  8    Dex: 19    Spells: 5 memorised, 9 levels left

rFire  . . .     SeeInvis .     a - +3 spear (chaos)
rCold  . . .     Gourm    .     j - +2 leather armour
rNeg   . . .     Faith    .     K - +0 shield
rPois  .         Spirit   +     (helmet restricted)
rElec  .         Reflect  .     h - +1 cloak
rCorr  .         Harm     .     B - +1 pair of gloves of Contentment {Dex+2}
MR     +....     Clarity  +     J - +0 pair of boots
Stlth  +++.......               E - amulet of guardian spirit
                                f - +3 ring of strength
                                v - ring of magical power

@: cleaving, very slightly contaminated, hasted, repel missiles, very quick
A: change form in water, swift swim, stealthy swim, horns 1, icy blue scales 1,
molten scales 1, thin skeletal structure 1, agile 1, blurry vision 1, clarity,
dopey 1, low mp 1, magic resistance 1, weak 1, subdued magic 1
a: Renounce Religion


You were in a labyrinth.
You worshipped Xom.
You were a special plaything of Xom.
You were hungry.

You visited 2 branches of the dungeon, and saw 12 of its levels.
You also visited: Labyrinth.

You collected 619 gold pieces.

Inventory:

Hand Weapons
 a - a +3 spear of chaos (weapon)
 b - a +0 blowgun
 L - a +0 glaive
Missiles
 l - 5 poisoned needles
 o - 8 steel javelins
 q - 3 throwing nets
 z - 7 tomahawks (quivered)
Armour
 h - a +1 cloak (worn)
 j - a +2 leather armour (worn)
 B - the +1 pair of gloves of Contentment (worn) {Dex+2}
   (You found it on level 4 of the Dungeon)

   It affects your dexterity (+2).
 J - a +0 pair of boots (worn)
 K - a +0 shield (worn)
Jewellery
 f - a +3 ring of strength (right hand)
 v - a ring of magical power (left hand)
 E - an amulet of guardian spirit (around neck)
 M - a +6 amulet of reflection {unknown}
Scrolls
 e - 5 scrolls of remove curse
 i - 3 scrolls of amnesia
 m - a scroll of holy word {unknown}
 n - 2 scrolls of enchant weapon
 y - 4 scrolls of blinking
 A - a scroll of fear
 C - 2 scrolls of enchant armour
 D - 3 scrolls of magic mapping
 N - a scroll of fog
Potions
 r - a potion of resistance
 t - 5 potions of curing
 u - 2 potions of agility
 w - a potion of cancellation
 x - a potion of flight
 G - a potion of berserk rage
Miscellaneous
 H - a phial of floods
Comestibles
 c - 11 bread rations
 g - 5 meat rations
 k - 4 beef jerkies
 p - 7 slices of pizza
 s - 6 fruits


   Skills:
 + Level 10.8 Fighting
 + Level 12.7 Polearms
 + Level 3.9 Throwing
 + Level 2.9 Armour
 - Level 10.5 Dodging
 - Level 4.0 Stealth
 - Level 4.0 Spellcasting
 - Level 5.5 Charms
 - Level 4.0 Transmutations
 - Level 1.0 Air Magic
 + Level 0.2 Evocations


You had 9 spell levels left.
You knew the following spells:

 Your Spells              Type           Power        Failure   Level  Hunger
a - Beastly Appendage     Tmut           #.....       34%         1    #......
s - Sticks to Snakes      Tmut           #.......     61%         2    ##.....
u - Repel Missiles        Chrm/Air       #.....       83%         2    ##.....
P - Passwall              Tmut/Erth      #.........   95%         2    ##.....
T - Swiftness             Chrm/Air       #.......     83%         2    ##.....


Dungeon Overview and Level Annotations

Branches:
Dungeon (11/15)            Temple (1/1) D:7            Lair (0/6) D:11
    Orc (0/2) D:10

Altars:
Ashenzari
Cheibriados
Dithmenos
Elyvilon
Fedhas
Gozag
Hepliaklqana
Kikubaaqudgha
Makhleb
Nemelex Xobeh
Okawaru
Qazlal
Ru
Sif Muna
Trog
Uskayaw
Vehumet
Xom
Yredelemnul
Zin
The Shining One
Jiyva

Shops:
D:6 (   D:11 :

Annotations:
D:9 Erolcha


Innate Abilities, Weirdness & Mutations

You revert to your normal form in water.
You are very nimble and swift while swimming.
You are very stealthy in the water. (Stealth+)
You have a pair of small horns on your head.
You are partially covered in icy blue scales. (AC +2)
You are partially covered in molten scales. (AC +2)
You have a somewhat thin skeletal structure. (Dex +2, Stealth)
You are agile. (Dex +2)
Scrolls take you a little longer to read.
You possess an exceptional clarity of mind.
You are dopey. (Int -2)
Your magical capacity is low. (-10% MP)
You are resistant to hostile enchantments. (MR+)
You are weak. (Str -2)
Your spells are a little easier to cast, but a little less powerful.


Message History

The ettin hits you.
* * * LOW HITPOINT WARNING * * *
The ettin hits you!!
* * * LOW HITPOINT WARNING * * *
Okay, then.
Okay, then.
You are too injured to fight recklessly!
Attack whom?
Press: ? - help, Dir - move target cursor, f/p - ettin
Aim: an ettin shaped shifter (blue smoke, severely wounded, berserk, fast, unusually strong)
You reach to attack!
You hit the ettin.
The ettin is severely wounded.
You hit the ettin but do no damage.
The ettin flickers and vanishes!
Deactivating autopickup; reactivate with Ctrl-A.
Something hits you but does no damage. Something hits you.
* * * LOW HITPOINT WARNING * * *
You hit something but do no damage. You puncture something!
You feel better. Something hits you but does no damage. Something hits you!
You die...

## . .#
## ####§
# #@{§§#
##
####§#.#
# .. .
#.# . # .
### ##
.#..#. #.
#..[.
..#... #
###
#.###.#.#
# .. .
..#..# ##
#
#.#####..
.. .. #
........#


There were no monsters in sight!

Vanquished Creatures
  Pikel (D:5)
  A hill giant (D:8)
  Joseph (D:8)
  A troll (D:9)
  A two-headed ogre (D:8)
  2 hippogriffs
  8 yaks
  Sigmund (D:5)
  2 hogs (D:7)
  A wraith (D:11)
  A wyvern (D:7)
  A human (D:7)
  A golden eye (D:5)
  2 water moccasins (D:8)
  3 slaves (D:5)
  A necrophage (D:6)
  2 orc warriors
  6 sky beasts
  An eye of draining (D:9)
  2 phantoms
  5 ogres
  5 centaurs
  11 bullfrogs
  A big kobold (D:7)
  A gnoll sergeant (D:8)
  3 scorpions
  3 killer bees (D:10)
  7 crimson imps
  A bullfrog zombie (D:7)
  A centaur zombie (D:8)
  5 hounds
  A quasit (D:7)
  7 jellies
  2 orc priests
  6 orc wizards
  A bullfrog skeleton (D:7)
  4 iguanas
  6 worker ants
  A killer bee zombie (D:6)
  A hound zombie (D:5)
  2 hound skeletons
  A worker ant zombie (D:9)
  8 gnolls
  A howler monkey skeleton (D:4)
  10 adders
  2 river rats (D:11)
  2 shadow imps (D:10)
  An adder zombie (D:9)
  2 adder skeletons (D:4)
  3 worms
  2 dart slugs (D:1)
  3 leopard geckos
  31 orcs
  15 bats
  4 giant cockroaches
  13 goblins
  11 hobgoblins
  15 kobolds
  2 quokkas (D:5)
  9 frilled lizards
  A quokka skeleton (D:4)
  22 rats
271 creatures vanquished.

Vanquished Creatures (collateral kills)
  An orc warrior (D:10)
1 creature vanquished.

Vanquished Creatures (others)
  2 yaks (D:9)
  A big kobold (D:8)
  A bullfrog (D:9)
  2 jellies (D:9)
  A bat (D:11)
  A plant (D:11)
8 creatures vanquished.

Grand Total: 280 creatures vanquished

Notes
Turn   | Place    | Note
-------+----------+-------------------------------------------
     0 | D:1      | dracos369 the Merfolk Chaos Knight began the quest for the Orb.
     0 | D:1      | Reached XP level 1. HP: 18/18 MP: 1/1
   184 | D:1      | Reached skill level 5 in Polearms
   184 | D:1      | Reached XP level 2. HP: 24/24 MP: 2/2
   501 | D:1      | Reached XP level 3. HP: 29/29 MP: 3/3
   584 | D:1      | Reached skill level 6 in Polearms
   677 | D:1      | XOM: divination: magic mapping
   716 | D:1      | XOM: divination: magic mapping
   885 | D:2      | XOM: stealth player
  1033 | D:2      | Found a blossoming altar of Fedhas.
  1101 | D:2      | Found an opulent altar of Gozag.
  1101 | D:2      | Found a basalt altar of Yredelemnul.
  1101 | D:2      | Found a burning altar of Makhleb.
  1679 | D:3      | Reached XP level 4. HP: 35/35 MP: 4/4
  1685 | D:3      | Reached skill level 7 in Polearms
  1906 | D:3      | Found a snail-covered altar of Cheibriados.
  2074 | D:3      | Found a faded altar of an unknown god.
  2229 | D:3      | XOM: potion effect (experience)
  2229 | D:3      | Reached skill level 11 in Polearms
  2229 | D:3      | Reached XP level 5. HP: 40/49 MP: 5/5
  2253 | D:3      | XOM: divination: detect items
  2549 | D:4      | Got a pair of encrusted gloves
  2560 | D:4      | Identified the +1 pair of gloves of Contentment {Dex+2} (You found it on level 4 of the Dungeon)
  2686 | D:4      | Reached XP level 6. HP: 56/56 MP: 6/6
  2811 | D:4      | Reached skill level 12 in Polearms
  3054 | D:4      | Noticed a phantom
  3065 | D:4      | Killed a phantom
  3065 | D:4      | Reached skill level 1 in Stealth
  3230 | D:4      | Reached XP level 7. HP: 62/62 MP: 7/7
  3496 | D:4      | Learned a level 2 spell: Repel Missiles
  3526 | D:4      | Learned a level 2 spell: Swiftness
  3591 | D:5      | Entered Level 5 of the Dungeon
  3775 | D:5      | Reached skill level 1 in Spellcasting
  3880 | D:5      | Noticed Pikel
  3889 | D:5      | Noticed a golden eye
  3889 | D:5      | a slave changed into a golden eye
  3889 | D:5      | XOM: polymorph slave -> golden eye
  3894 | D:5      | XOM: mild Erth miscast
  3896 | D:5      | XOM: blink monster(s)
  3901 | D:5      | XOM: confuse monster(s)
  3919 | D:5      | XOM: divination: detect items
  3979 | D:6      | Reached skill level 1 in Charms
  4003 | D:6      | XOM: 2-stop teleportation journey
  4048 | D:6      | Reached skill level 1 in Air Magic
  4277 | D:6      | Found Jely's Antique Weapon Shop.
  4355 | D:5      | Reached XP level 8. HP: 69/69 MP: 10/10
  4444 | D:5      | XOM: silly message
  4464 | D:5      | XOM: potion effect (haste)
  4489 | D:5      | XOM: enchant monster (bad)
  4528 | D:5      | XOM: harmless Air miscast
  4575 | D:5      | XOM: fog
  4610 | D:5      | Noticed Sigmund
  5097 | D:6      | XOM: mild Summ miscast
  5255 | D:7      | XOM: enchant monster (bad)
  5557 | D:7      | Found a staircase to the Ecumenical Temple.
  5580 | Temple   | Entered the Ecumenical Temple
  5587 | Temple   | XOM: harmless Fire miscast
  5722 | D:7      | XOM: 6-stop teleportation journey
  5805 | D:7      | Noticed a yak
  5805 | D:7      | Noticed a yak
  5820 | D:7      | XOM: 4-stop teleportation journey
  5933 | D:7      | XOM: scenery: 1 doors close
  5955 | D:7      | XOM: potion effect (agility)
  5957 | D:7      | XOM: mild Chrm miscast
  5958 | D:7      | Reached XP level 9. HP: 62/76 MP: 12/12
  5968 | D:7      | XOM: confusion (+ monsters)
  5973 | D:7      | XOM: enchant monster (bad)
  6233 | D:7      | HP: 1/76 [something (4)]
  6403 | Temple   | XOM: harmless Tmut miscast
  6814 | D:7      | XOM: medium Ice miscast
  7007 | D:7      | Learned a level 2 spell: Passwall
  7070 | D:6      | XOM: give mutations
  7070 | D:6      | Gained mutation: You are dopey. (Int -2) [Xom's mischief]
  7070 | D:6      | Gained mutation: You are frail. (-10% HP) [Xom's mischief]
  7070 | D:6      | Gained mutation: You are very dopey. (Int -4) [Xom's mischief]
  7070 | D:6      | Gained mutation: Your magical capacity is low. (-10% MP) [Xom's mischief]
  7074 | D:6      | Lost mutation: Your magical capacity is low. (-10% MP) [potion of cure mutation]
  7074 | D:6      | Lost mutation: You are very dopey. (Int -4) [potion of cure mutation]
  7074 | D:6      | Lost mutation: You are dopey. (Int -2) [potion of cure mutation]
  7074 | D:6      | Lost mutation: You are frail. (-10% HP) [potion of cure mutation]
  7109 | D:5      | Killed Sigmund
  7161 | D:5      | XOM: confuse monster(s)
  7182 | D:5      | Killed Pikel
  7182 | D:5      | Reached skill level 10 in Dodging
  7182 | D:5      | Reached skill level 1 in Transmutations
  7182 | D:5      | Reached XP level 10. HP: 68/84 MP: 14/14
  7266 | D:5      | XOM: noise
  7655 | D:8      | Noticed Joseph
  7660 | D:8      | XOM: enchant monster (bad)
  7675 | D:8      | Killed Joseph
  7675 | D:8      | Reached skill level 5 in Charms
  7687 | D:8      | XOM: summons friendly crimson imp
  7715 | D:8      | Noticed a hill giant
  7729 | D:8      | XOM: swap monsters
  7737 | D:8      | XOM: noise
  7748 | D:8      | XOM: noise
  7754 | D:8      | XOM: scenery: create altars
  7775 | D:8      | Killed a hill giant
  7775 | D:8      | Reached skill level 10 in Fighting
  7898 | D:8      | XOM: summons friendly white imp
  7910 | D:8      | XOM: give mutations
  7910 | D:8      | Gained mutation: Your spells are a little easier to cast, but a little less powerful. [Xom's mischief]
  7910 | D:8      | Gained mutation: Your muscles are strong. (Str +2) [Xom's mischief]
  7910 | D:8      | Gained mutation: Potions and wands are less effective at restoring your health. [Xom's mischief]
  7910 | D:8      | Lost mutation: Potions and wands are less effective at restoring your health. [Xom's mischief]
  7921 | D:8      | Reached skill level 1 in Throwing
  7947 | D:8      | XOM: give mutations
  7947 | D:8      | Gained mutation: You are clumsy. (Dex -2) [Xom's mischief]
  7947 | D:8      | Gained mutation: You are frail. (-10% HP) [Xom's mischief]
  7947 | D:8      | Lost mutation: Your muscles are strong. (Str +2) [Xom's mischief]
  7947 | D:8      | Gained mutation: You are resistant to hostile enchantments. (MR+) [Xom's mischief]
  7950 | D:8      | XOM: harmless Divn miscast
  7990 | D:8      | XOM: harmless Air miscast
  8063 | D:8      | XOM: chaos upgrade
  8186 | D:8      | Learned a level 1 spell: Beastly Appendage
  8189 | D:8      | Learned a level 2 spell: Sticks to Snakes
  8197 | D:8      | XOM: give mutation
  8197 | D:8      | Lost mutation: You are clumsy. (Dex -2) [Xom's mischief]
  8210 | D:8      | Gained mutation: Scrolls take you a little longer to read. [potion of mutation]
  8210 | D:8      | Gained mutation: Your magical capacity is low. (-10% MP) [potion of mutation]
  8211 | D:8      | Gained mutation: You possess an exceptional clarity of mind. [potion of mutation]
  8211 | D:8      | Gained mutation: You are dopey. (Int -2) [potion of mutation]
  8233 | D:8      | XOM: cast spell 'Excruciating Wounds'
  8521 | D:9      | Reached skill level 1 in Armour
  8571 | D:9      | XOM: summons 2 friendly demons
  8795 | D:9      | Found a viscous altar of Jiyva.
  8802 | D:9      | XOM: destruction
  8832 | D:9      | XOM: confuse monster(s)
  8846 | D:9      | Noticed Erolcha
  8858 | D:10     | Entered Level 10 of the Dungeon
  8891 | D:10     | XOM: god gift: 3 sling bullets
  8911 | D:10     | Found a staircase to the Orcish Mines.
  8933 | D:10     | XOM: enchant monster (bad)
  9008 | D:10     | XOM: summons 5 hostile demons
  9062 | D:10     | XOM: give mutation
  9062 | D:10     | Gained mutation: You are weak. (Str -2) [Xom's mischief]
  9213 | D:10     | Reached XP level 11. HP: 64/82 MP: 15/15
  9219 | D:10     | Gained mutation: You are agile. (Dex +2) [mutagenic meat]
  9485 | D:10     | XOM: blink monster(s)
  9494 | D:10     | XOM: harmless Pois miscast
  9495 | D:10     | XOM: cast spell 'Ring of Flames'
  9507 | D:10     | XOM: potion effect (curing)
  9633 | D:9      | XOM: summons friendly iron imp
  9638 | D:9      | XOM: enchant monster (bad)
  9658 | D:9      | XOM: summons friendly crimson imp
  9660 | D:9      | XOM: destruction
  9673 | D:9      | Found an iron altar of Okawaru.
  9732 | D:9      | XOM: enchant monster (good)
  9748 | D:9      | XOM: 1-stop teleportation journey
  9801 | D:9      | Lost mutation: You are frail. (-10% HP) [mutagenic meat]
  9883 | D:9      | XOM: 3-stop teleportation journey
  9961 | D:9      | XOM: god gift: chain mail {god gift}
  9967 | D:9      | XOM: give mutation
  9967 | D:9      | Gained mutation: You are partially covered in molten scales. (AC +2) [Xom's grace]
 10222 | D:11     | XOM: divination: detect creatures
 10224 | D:11     | XOM: scenery: create altars
 10234 | D:11     | Found Xeckacs's Book Emporium.
 10304 | D:11     | XOM: god gift: phial of floods
 10329 | D:11     | Noticed a purple ugly thing
 10337 | D:11     | XOM: god gift: dark potion {god gift}
 10412 | D:11     | XOM: god gift: 56 gold pieces
 10443 | D:11     | Noticed a red ugly thing
 10445 | D:11     | Found a labyrinth entrance.
 10447 | D:11     | XOM: give mutations
 10447 | D:11     | Gained mutation: You have a somewhat thin skeletal structure. (Dex +2, Stealth) [Xom's grace]
 10447 | D:11     | Gained mutation: You are partially covered in icy blue scales. (AC +2) [Xom's grace]
 10447 | D:11     | Gained mutation: You have a pair of small horns on your head. [Xom's grace]
 10455 | Lab      | Entered a labyrinth
 10743 | Lab      | XOM: scenery: create altars
 10852 | Lab      | Noticed a minotaur
 10853 | Lab      | Noticed an ettin
 10853 | Lab      | a minotaur changed into an ettin
 10853 | Lab      | XOM: polymorph minotaur -> ettin
 10857 | Lab      | XOM: cleaving
 10869 | Lab      | XOM: god gift: broad axe {god gift}
 10870 | Lab      | XOM: fog
 10876 | Lab      | HP: 1/92 [something (4)]
 10878 | Lab      | Slain by an ettin (shapeshifter)

Skill      XL: |  1  2  3  4  5  6  7  8  9 10 11 |
---------------+----------------------------------+-----
Polearms       | 5 6 11 12 | 12.7
Fighting       | 7 8 9 10 | 10.8
Dodging        | 8 9 10 | 10.5
Stealth        | 1 2 3 4 |  4.0
Spellcasting   | 1 2 3 4 |  4.0
Charms         | 1 3 4 5 |  5.5
Air Magic      | 1 |  1.0
Transmutations | 1 4 |  4.0
Throwing       | 2 3 |  3.9
Armour         | 1 2 |  2.9
Evocations     | |  0.2

Action                   |  1- 3 |  4- 6 |  7- 9 | 10-12 || total
-------------------------+-------+-------+-------+-------++-------
Melee: Spear             |   139 |   174 |   455 |   728 ||  1496
       Headbutt          |       |       |       |    11 ||    11
 Fire: Blowgun           |       |       |       |     3 ||     3
 Cast: Repel Missiles    |       |       |     2 |     1 ||     3
       Beastly Appendage |       |       |       |     3 ||     3
       Passwall          |       |       |       |     3 ||     3
  Use: Potion            |       |       |     6 |     7 ||    13
       Scroll            |       |       |     6 |    16 ||    22
 Stab: Paralysed         |     2 |       |       |    13 ||    15
       Sleeping          |     1 |     2 |     5 |     7 ||    15
       Distracted        |       |       |     4 |     2 ||     6
       Petrified         |       |       |    10 |     3 ||    13
       Petrifying        |       |       |     2 |     3 ||     5
       Confused          |       |       |     7 |     7 ||    14
  Eat: Chunk             |     1 |     6 |    12 |    16 ||    35
       Pizza             |       |       |     1 |       ||     1
Armor: Leather armour    |    28 |    15 |    35 |    91 ||   169
       Skin              |       |       |       |    12 ||    12
Dodge: Dodged            |    58 |    44 |   139 |   269 ||   510
       Deflected         |       |       |     2 |     2 ||     4
Block: Shield            |       |       |    28 |   131 ||   159
